 Dungeon Crawl Stone Soup version 0.27-a0-328-g7f782ed93a (webtiles) character file.

Game seed: 1267151072351822877

713 Devinter the Conjurer (level 7, 0/50 HPs)
             Began as a Demigod Conjurer on Feb 2, 2021.
             Slain by Pikel
             ... wielding a +2 whip of electrocution
              (9 damage)
             ... on level 3 of the Dungeon on Feb 11, 2021.
             The game lasted 00:33:49 (3832 turns).

Devinter the Conjurer (Demigod Conjurer)            Turns: 3832, Time: 00:33:50

Health: 0/50       AC:  6    Str: 10    XL:     7   Next: 17%
Magic:  13/16      EV: 12    Int: 26    God:
Gold:   227        SH:  0    Dex: 14    Spells: 8/14 levels left

rFire    . . .     SeeInvis .   o - +0 dagger (elec)
rCold    + . .     Faith    .   (no shield)
rNeg     . . .     Spirit   .   v - +2 robe {Will+}
rPois    .         Reflect  .   (no helmet)
rElec    .         Harm     .   s - +0 cloak
rCorr    .         Rampage  .   b - +0 pair of gloves
Will     +....                  (no boots)
Stlth    +++.......             z - amulet of the acrobat
HPRegen  0.16/turn              B - ring of protection from cold
MPRegen  0.15/turn              (no ring)

@: no status effects
A: high mp 1
a: no special abilities


You were on level 3 of the Dungeon.
You visited 1 branch of the dungeon, and saw 4 of its levels.

You collected 227 gold pieces.

Inventory:

Hand Weapons
 a - a +0 shortbow
 m - a +0 vorpal hunting sling
 o - a +0 dagger of electrocution (weapon)
 p - a +0 rapier
 r - a +3 quarterstaff of chaos
Missiles
 e - 78 arrows
 f - 50 sling bullets
 q - 2 curare-tipped darts
 y - 6 poisoned darts
 C - 6 javelins
Armour
 b - a +0 pair of gloves (worn)
 s - a +0 cloak (worn)
 v - a +2 robe of willpower (worn)
Jewellery
 z - an amulet of the acrobat (around neck)
 B - a ring of protection from cold (left hand)
Wands
 x - a wand of charming (6)
Scrolls
 c - 7 scrolls of identify
 g - a scroll of random uselessness {unknown}
 k - 3 scrolls of removedness
 l - a scroll of teleportation {unknown}
 n - a scroll of enchant weapon {unknown}
 A - a scroll of fear {unknown}
Potions
 d - 2 potions of attraction {unknown}
 h - a potion of brilliance {unknown}
 i - a potion of invisibility {unknown}
 j - a potion of might {unknown}
 t - 2 potions of curing {unknown}
 u - 2 potions of lignification {unknown}
 w - a potion of heal wounds {unknown}


   Skills:
 - Level 2.0 Dodging
 - Level 5.0 Stealth
 + Level 4.0 Spellcasting
 + Level 5.8 Conjurations


You had 8 spell levels left.
You knew the following spells:

 Your Spells              Type           Power        Failure   Level
a - Magic Dart            Conj           100%         1%          1
b - Searing Ray           Conj           70%          1%          2
c - Dazzling Flash        Conj/Hex       40%          8%          3

Your spell library contained the following spells:

 Spells                   Type           Power        Failure   Level
 Fulminant Prism          Conj/Hex       10%          26%         4
 Iskenderun's Mystic Bla  Conj/Tloc      20%          26%         4


Dungeon Overview and Level Annotations

Branches:
Dungeon (4/15)
 Temple: D:4-7

Annotations:
D:3 Pikel


Innate Abilities, Weirdness & Mutations

You have an increased reservoir of magic. (+10% MP)


Message History

(Press . to maintain the ray.)
The searing ray hits Pikel!
Pikel is moderately wounded.
The searing ray hits Pikel.
Pikel is moderately wounded.
The searing ray hits Pikel!
Pikel is heavily wounded.
You finish channeling your searing ray.
Pikel hits you with a +2 whip of electrocution.
You are electrocuted!!
There is a stone staircase leading down here.
The lemure shouts!
Pikel cracks his whip.
There is a stone staircase leading up here.
Pikel hits you with a +2 whip of electrocution.
You are electrocuted!!
* * * LOW HITPOINT WARNING * * *
You climb upwards.
There is a stone staircase leading down here.
You see here a mace.
Pikel completely misses you.
There is a stone staircase leading down here.
Casting: Searing Ray (safe; 1% risk of failure)
Confirm with . or Enter, or press ? or * to list all spells.
Pikel is dazzled.
Pikel misses you.
You closely miss Pikel.
Pikel is lightly wounded.
Pikel hits you with a +2 whip of electrocution!
* * * LOW HITPOINT WARNING * * *
You barely miss Pikel.
Pikel is lightly wounded.
Pikel hits you with a +2 whip of electrocution.
* * * LOW HITPOINT WARNING * * *
You strike the helpless Pikel from behind!
You puncture Pikel!
Pikel is moderately wounded.
Pikel hits you with a +2 whip of electrocution.
* * * LOW HITPOINT WARNING * * *
You are electrocuted!
You die...

# #.##.#...#.####.##.##....##. #
#.##....##.........##....... ##
#.####..##.####.#####....##.
.######)###.)..## #....>.....#.#.
..............#####.<.####...##..
.###########..# #..........)[....
.# #..# #...#...##...###. .#
#..###..#_#..##...# #. .#
#...K@...#...##...# #. .#
#.#####.....###...###. .# #.#
####### #....... .# #.# ##...##.
.# #.# #....... .# #.# ##...##.
.# #.# ##.#### .# #.# ### .###
#.#


You could see Pikel (blind).

Vanquished Creatures
  2 ogres (D:4)
  3 lemures (D:4)
  A centaur (D:3)
  A wyvern skeleton (D:4)
  2 scorpions (D:4)
  An orc priest (D:3)
  A hound (D:4)
  Crazy Yiuf (D:3)
  Jessica (D:3)
  3 orc wizards (D:4)
  4 adders
  2 oozes
  3 dart slugs
  2 leopard geckos
  9 orcs
  2 ball pythons (D:4)
  4 giant cockroaches
  7 goblins
  9 hobgoblins
  3 jackals (D:3)
  3 kobolds
  3 quokkas
  10 bats
  6 frilled lizards
  6 rats
89 creatures vanquished.

Notes
Turn   | Place    | Note
-------+----------+-------------------------------------------
     0 | D:1      | Devinter the Demigod Conjurer began the quest for the Orb.
     0 | D:1      | Reached XP level 1. HP: 14/14 MP: 5/5
   233 | D:1      | Reached skill level 2 in Stealth
   287 | D:1      | Reached skill level 2 in Dodging
   343 | D:1      | Reached skill level 2 in Spellcasting
   343 | D:1      | Reached XP level 2. HP: 20/20 MP: 1/7
   348 | D:1      | Learned a level 2 spell: Searing Ray
   721 | D:1      | Upgraded the game from 0.27-a0-237-g52650a7530 to
                  | 0.27-a0-245-g075faa5519
   930 | D:2      | Reached skill level 4 in Conjurations
   930 | D:2      | Reached XP level 3. HP: 26/26 MP: 0/9
  1658 | D:2      | Found a sparkling altar of Nemelex Xobeh.
  1778 | D:3      | Found a runed translucent door.
  1779 | D:3      | Noticed Crazy Yiuf
  1785 | D:3      | Killed Crazy Yiuf
  1786 | D:3      | Reached XP level 4. HP: 33/33 MP: 5/11
  1953 | D:3      | Noticed Jessica
  1957 | D:3      | Killed Jessica
  1958 | D:3      | Reached skill level 3 in Spellcasting
  2065 | D:3      | Learned a level 3 spell: Dazzling Flash
  2076 | D:3      | Noticed a centaur
  2096 | D:3      | Killed a centaur
  2097 | D:3      | Reached skill level 5 in Conjurations
  2097 | D:3      | Reached skill level 3 in Stealth
  2097 | D:3      | Reached XP level 5. HP: 26/38 MP: 3/12
  2183 | D:3      | Found a faded altar of an unknown god.
  2734 | D:4      | Upgraded the game from 0.27-a0-245-g075faa5519 to
                  | 0.27-a0-277-g024f7ef292
  2748 | D:4      | Noticed an ogre
  2780 | D:4      | Reached skill level 4 in Stealth
  2780 | D:4      | Reached XP level 6. HP: 27/45 MP: 5/13
  2971 | D:4      | Reached skill level 5 in Stealth
  3262 | D:4      | Reached XP level 7. HP: 29/50 MP: 1/16
  3422 | D:4      | Found a hazy altar of Hepliaklqana.
  3542 | D:4      | Upgraded the game from 0.27-a0-277-g024f7ef292 to
                  | 0.27-a0-328-g7f782ed93a
  3589 | D:4      | Reached skill level 4 in Spellcasting
  3725 | D:4      | Noticed Pikel
  3832 | D:3      | Slain by Pikel

Illustrated notes

Levels and vault maps discovered:
D:1:      evilmike_arrival_plus, layout_loops_ring
D:2:      layout_loops_ring, marbit_many_paths
D:3:      layout_loops_ring, chequers_ecumenical_altar_simple, uniq_jessica,
          uniq_crazy_yiuf_cottage
D:4:      layout_basic, old_standard_altar, uniq_pikel

Skill      XL: |  1  2  3  4  5  6  7 |
---------------+----------------------+-----
Stealth        | 2 3 4 5 |  5.0
Dodging        | 2 |  2.0
Spellcasting   | 2 3 4 |  4.0
Conjurations   | 4 5 |  5.8

Action                   |  1- 3 |  4- 6 |  7- 9 || total
-------------------------+-------+-------+-------++-------
Melee: Dagger            |       |    36 |     6 ||    42
 Cast: Magic Dart        |    75 |    54 |    14 ||   143
       Searing Ray       |     2 |    17 |     6 ||    25
       Dazzling Flash    |       |       |     1 ||     1
  Use: Scroll            |       |     4 |       ||     4
 Stab: Invisible         |       |       |     1 ||     1
Armor: Robe              |     6 |     4 |     1 ||    11
Dodge: Dodged            |     5 |    30 |     4 ||    39

Table legend: (Time is in decaauts)
 A = Elapsed time spent in this place.
 B = Non-inter-level travel time spent in this place.
 C = Inter-level travel time spent in this place.
 D = Time resting spent in this place.
 E = Time spent auto-exploring this place.
 F = Levels seen in this place.
 G = Mean time per level.
                   A        B        C        D        E       F      G
               +--------+--------+--------+--------+--------+-----+--------+
         Total |   3831 |   3689 |    142 |    962 |    566 |   4 |  957.8 |
       Dungeon |   3831 |   3689 |    142 |    962 |    566 |   4 |  957.8 |
               +--------+--------+--------+--------+--------+-----+--------+

Top non-repeatable levels by time:
     D:3: 1157 daAuts
     D:4: 937 daAuts
     D:2: 895 daAuts
     D:1: 842 daAuts
